Canadiens vs MapleLeafs

Created - October-23-13 at 18:08

Goals
1 2 3 T
Canadiens 1 0 0 1
MapleLeafs 2 2 2 6
Shots
1 2 3 T
Canadiens 10 9 8 27
MapleLeafs 7 8 5 20

1st period

1. Canadiens , Jordan Eberle 4 (Pavel Datsyuk) at 5:09 (PP)
2. MapleLeafs , Patrick Marleau 3 (Jonathan Ericsson, Derek Dorsett) at 14:19 (PP)
3. MapleLeafs , Vernon Fiddler 2 (Adam Hall, Nick Leddy) at 15:01

Penalties :
Hal Gill (TOR) for Hooking (Minor) at 4:08, Brooks Orpik (MTL) for Tripping (Minor) at 13:03, Mark Fistric (MTL) for Tripping (Minor) at 17:34

2nd period

4. MapleLeafs , Vincent Lecavalier 5 (Adam Henrique, Rostislav Klesla) at 12:28 (PP)
5. MapleLeafs , Greg Zanon 1 (Raffi Torres, Evgeni Malkin) at 17:31

Penalties :
Brian Lashoff (TOR) for Diving (Minor) at 0:32, Vincent Lecavalier (TOR) for Cross-checking (Minor) at 4:58, Mark Fistric (MTL) for Hooking (Minor) at 11:43, Pavel Datsyuk (MTL) for Interference (Minor) at 12:41, Vincent Lecavalier (TOR) for Boarding (Minor) at 17:11, Brooks Orpik (MTL) for Hooking (Minor) at 17:11, Nick Leddy (TOR) for Fighting (Major) at 19:13, Brooks Orpik (MTL) for Fighting (Major) at 19:13

3rd period

6. MapleLeafs , Adam Hall 3 (Vernon Fiddler, Brian Lashoff) at 14:11
7. MapleLeafs , Raffi Torres 4 (Nick Leddy, Vernon Fiddler) at 19:56

Penalties :
Mark Fistric (MTL) for Interference (Minor) at 5:03, Greg Zanon (TOR) for Roughing (Minor) at 9:27

Goalie Stats

Craig Anderson (MTL), 11 saves from 15 shots - (0.733), L, 5-3-1, 37:31 minutes
Cam Ward (MTL), 3 saves from 5 shots - (0.600), 22:29 minutes
Ryan Miller (TOR), 26 saves from 27 shots - (0.963), W, 6-4-1, 60:00 minutes

Players Stats for Canadiens

Player Name              G  A  P  +/- PIM S  H  SB GA TA FO     MP     PP MP  PK MP  
------------------------------------------------------------------------------------
Brad Richards            0  0  0  -2  0   4  0  1  0  0  11/25  18:59   3:35   2:43 
Brooks Orpik             0  0  0  -3  9   0  3  1  0  0  0/0    19:15   0:13   4:53 
Cam Fowler               0  0  0   0  0   0  0  1  0  0  0/0    19:52   3:22   2:12 
Corey Perry              0  0  0  -1  0   1  5  0  0  0  0/2    19:42   3:23   0:00 
Dave Bolland             0  0  0   0  0   0  3  0  0  0  4/9     9:47   0:00   0:46 
Eric Nystrom             0  0  0  -1  0   2  1  0  0  0  0/0    11:48   0:00   5:15 
James Wisniewski         0  0  0  -3  0   3  3  1  0  0  0/0    21:31   3:23   0:42 
John Mitchell            0  0  0  -1  0   3  2  1  0  0  6/8     6:33   0:00   0:00 
Jonathan Toews           0  0  0  -1  0   2  0  1  0  0  20/31  24:35   3:23   4:53 
Jordan Eberle            1  0  1  -2  0   3  0  0  0  0  0/1    16:46   3:35   0:00 
Mark Fistric             0  0  0   0  6   1  5  0  0  0  0/0    14:50   0:00   1:04 
Mason Raymond            0  0  0   0  0   0  0  0  0  0  0/0     9:01   0:00   0:00 
Matt Moulson             0  0  0   0  0   1  1  0  0  0  0/1    18:13   3:23   0:00 
Michal Rozsival          0  0  0  -1  0   2  0  2  0  0  0/0    21:32   3:23   3:18 
Pavel Datsyuk            0  1  1  -2  2   1  1  0  0  0  1/2    19:04   3:35   2:19 
Sven Baertschi           0  0  0   0  0   2  0  0  0  0  0/1     9:01   0:00   0:00 
Taylor Pyatt             0  0  0  -1  0   1  0  0  0  0  0/0     6:33   0:00   0:00 
Travis Hamonic           0  0  0  -1  0   1  0  0  0  0  0/0    22:54   3:35   3:47 

Players Stats for MapleLeafs

Player Name              G  A  P  +/- PIM S  H  SB GA TA FO     MP     PP MP  PK MP  
------------------------------------------------------------------------------------
Adam Hall                1  1  2   3  0   1  3  0  0  0  1/2    13:12   0:46   0:47 
Adam Henrique            0  1  1   0  0   1  1  0  0  0  3/4    21:22   3:05   2:38 
Andrew Alberts           0  0  0   0  0   0  2  0  0  0  0/0     3:09   0:00   0:00 
Brian Lashoff            0  1  1   3  2   0  2  0  0  0  0/0    10:31   0:05   0:58 
Derek Dorsett            0  1  1   0  0   1  4  0  0  0  0/1    19:54   4:07   0:00 
Drew Doughty             0  0  0   0  0   1  2  0  0  0  0/0    25:52   4:48   3:53 
Evgeni Malkin            0  1  1   1  0   2  0  0  0  0  15/29  25:51   4:07   4:19 
Greg Zanon               1  0  1   1  2   1  1  1  0  0  0/0    20:26   3:05   2:07 
Hal Gill                 0  0  0   0  2   0  0  1  0  0  0/0     4:48   0:00   0:00 
Jonathan Ericsson        0  1  1   0  0   0  2  0  0  0  0/0    25:11   4:07   3:53 
Nick Leddy               0  2  2   3  5   0  0  1  0  0  0/0     8:34   0:46   0:00 
Patrick Marleau          1  0  1   0  0   4  0  0  0  0  5/7    21:28   4:07   1:34 
Raffi Torres             1  1  2   4  0   1  0  0  0  0  0/1    13:32   0:46   0:00 
Rostislav Klesla         0  1  1   1  0   1  1  3  0  0  0/0    21:25   3:05   3:05 
Ryan Carter              0  0  0   0  0   0  0  0  0  0  0/0     2:10   0:00   1:34 
Steve Sullivan           0  0  0   0  0   1  0  0  0  0  1/3    18:29   3:05   0:00 
Vernon Fiddler           1  2  3   3  0   2  1  0  0  0  5/14   13:17   0:46   0:00 
Vincent Lecavalier       1  0  1   0  4   4  6  0  0  0  8/19   21:46   3:05   3:04 

3 Stars

1 - Vernon Fiddler (TOR)
2 - Adam Hall (TOR)
3 - Raffi Torres (TOR)

Power Play

Canadiens - 1 on 4 Attempt(s) - 25.00%
MapleLeafs - 2 on 5 Attempt(s) - 40.00%

Penalty Kill

Canadiens - 3 on 5 Attempt(s) - 60.00% - Score 0 goal in Penalty Kill
MapleLeafs - 3 on 4 Attempt(s) - 75.00% - Score 0 goal in Penalty Kill

Official

Referees : Trent Knorr and Dennis LaRue
Linesman : Greg Devorski and Derek Nansen

Game Notes

Cam Ward enters game at 17:31 of 2nd period
Nick Leddy beats up Brooks Orpik at 19:13 of 2nd period

Finance

Level 1 -- Attendance: 5596 (86.09%) -- Ticket Income $615,560
Level 2 -- Attendance: 5000 (100.00%) -- Ticket Income $325,000
Level 3 -- Attendance: 3354 (95.83%) -- Ticket Income $117,390
Level 4 -- Attendance: 2819 (100.00%) -- Ticket Income $84,570
Luxury Box -- Attendance: 931 (93.10%) -- Ticket Income $186,200
Game was played at the Air Canada Center
Total Attendance: 17700 (94.05%)
Total Ticket Income: $1,328,720
Other Income: $199,308
Total Income: $1,528,028


% Time on Ice - Canadiens

Lines # - Real PCT - Wanted PCT - Time Play
Normal Forward
1 - 34% - 35% - 14:50
2 - 29% - 30% - 12:41
3 - 21% - 20% - 9:01
4 - 15% - 15% - 6:33
Normal Defense
1 - 29% - 30% - 12:34
2 - 32% - 30% - 13:40
3 - 28% - 25% - 12:08
4 - 11% - 15% - 4:43
PP Forward
1 - 49% - 50% - 3:23
2 - 51% - 50% - 3:35
PP Defense
1 - 49% - 50% - 3:23
2 - 51% - 50% - 3:35
PK Forward
1 - 66% - 60% - 5:15
2 - 34% - 40% - 2:43
PK Defense
1 - 44% - 60% - 3:31
2 - 56% - 40% - 4:27
PK3 Forward
1 - 0% - 60%
2 - 0% - 40%
PK3 Defense
1 - 0% - 60%
2 - 0% - 40%
44 Forward
1 - 75% - 60% - 1:29
2 - 25% - 40% - 0:30
44 Defense
1 - 63% - 60% - 1:15
2 - 37% - 40% - 0:44
Last Minute Offensive  - 0:00
Last Minute Defensive  - 0:00
Total
Forward - 60:00
Defense - 60:00

% Time on Ice - MapleLeafs

Lines # - Real PCT - Wanted PCT - Time Play
Normal Forward
1 - 37% - 40% - 15:47
2 - 36% - 33% - 15:24
3 - 27% - 22% - 11:39
4 - 1% - 5% - 0:15
Normal Defense
1 - 37% - 40% - 16:08
2 - 33% - 30% - 14:19
3 - 22% - 20% - 9:29
4 - 7% - 10% - 3:09
PP Forward
1 - 61% - 60% - 4:53
2 - 39% - 40% - 3:05
PP Defense
1 - 61% - 60% - 4:53
2 - 39% - 40% - 3:05
PK Forward
1 - 78% - 60% - 5:24
2 - 22% - 40% - 1:34
PK Defense
1 - 56% - 60% - 3:53
2 - 44% - 40% - 3:05
PK3 Forward
1 - 0% - 60%
2 - 0% - 40%
PK3 Defense
1 - 0% - 60%
2 - 0% - 40%
44 Forward
1 - 100% - 60% - 1:59
2 - 0% - 40% - 0:00
44 Defense
1 - 53% - 60% - 1:03
2 - 47% - 40% - 0:56
Last Minute Offensive  - 0:00
Last Minute Defensive  - 0:00
Total
Forward - 60:00
Defense - 60:00

Play by Play

1st period


0:01 of 1st period - Jonathan Toews wins face-off versus Patrick Marleau in neutral zone.
0:30 of 1st period - Shot by Michal Rozsival.
0:30 of 1st period - Stopped by Ryan Miller without a rebound.
0:31 of 1st period - Vincent Lecavalier wins face-off versus Brad Richards in MapleLeafs zone.
0:43 of 1st period - Greg Zanon is hit by Brooks Orpik.
0:57 of 1st period - Shot by Pavel Datsyuk.
0:57 of 1st period - Shot Hit the Post.
0:59 of 1st period - Shot by James Wisniewski.
0:59 of 1st period - Stopped by Ryan Miller without a rebound.
1:00 of 1st period - Vernon Fiddler wins face-off versus Dave Bolland in MapleLeafs zone.
1:23 of 1st period - Shot by Sven Baertschi.
1:23 of 1st period - Shot Misses the Net.
1:34 of 1st period - Sven Baertschi is hit by Vernon Fiddler and loses puck.
2:32 of 1st period - Derek Dorsett is hit by Mark Fistric and loses puck.
2:40 of 1st period - Cam Fowler is hit by Derek Dorsett and loses puck.
3:09 of 1st period - Shot by Corey Perry.
3:09 of 1st period - Shot Blocked by Rostislav Klesla.
3:16 of 1st period - Jonathan Toews is hit by Greg Zanon and loses puck.
3:31 of 1st period - Shot by Matt Moulson.
3:31 of 1st period - Stopped by Ryan Miller without a rebound.
3:32 of 1st period - Brad Richards wins face-off versus Vernon Fiddler in MapleLeafs zone.
3:36 of 1st period - Jordan Eberle is hit by Andrew Alberts and loses puck.
4:08 of 1st period - Minor Penalty to Hal Gill for Hooking.
4:09 of 1st period - Jonathan Toews wins face-off versus Evgeni Malkin in MapleLeafs zone.
5:09 of 1st period - Shot by Jordan Eberle.
5:09 of 1st period - Goal by Jordan Eberle - Canadiens : 1 - MapleLeafs : 0.
5:10 of 1st period - John Mitchell wins face-off versus Vernon Fiddler in neutral zone.
5:39 of 1st period - Shot by Raffi Torres.
5:39 of 1st period - Deflect By Vernon Fiddler.
5:39 of 1st period - Stopped by Craig Anderson without a rebound.
5:40 of 1st period - Adam Henrique wins face-off versus Brad Richards in Canadiens zone.
6:09 of 1st period - Shot by Brad Richards.
6:09 of 1st period - Stopped by Ryan Miller without a rebound.
6:10 of 1st period - Evgeni Malkin wins face-off versus Jonathan Toews in MapleLeafs zone.
6:15 of 1st period - Mark Fistric is hit by Derek Dorsett and loses puck.
7:39 of 1st period - Vincent Lecavalier is hit by John Mitchell and loses puck.
7:49 of 1st period - Icing by Rostislav Klesla.
7:50 of 1st period - Brad Richards wins face-off versus Vincent Lecavalier in MapleLeafs zone.
8:11 of 1st period - Shot by Jordan Eberle.
8:11 of 1st period - Shot Misses the Net.
8:19 of 1st period - Shot by Pavel Datsyuk.
8:19 of 1st period - Stopped by Ryan Miller without a rebound.
8:20 of 1st period - Patrick Marleau wins face-off versus Dave Bolland in MapleLeafs zone.
8:58 of 1st period - Shot by Drew Doughty.
8:58 of 1st period - Shot Blocked by James Wisniewski.
9:00 of 1st period - Shot by Derek Dorsett.
9:00 of 1st period - Stopped by Craig Anderson without a rebound.
9:01 of 1st period - Jonathan Toews wins face-off versus Vernon Fiddler in Canadiens zone.
9:24 of 1st period - Corey Perry is hit by Adam Hall and loses puck.
9:50 of 1st period - Off-side.
9:51 of 1st period - Brad Richards wins face-off versus Derek Dorsett in neutral zone.
10:29 of 1st period - Shot by Patrick Marleau.
10:29 of 1st period - Stopped by Craig Anderson without a rebound.
10:30 of 1st period - John Mitchell wins face-off versus Steve Sullivan in Canadiens zone.
10:35 of 1st period - Eric Nystrom is hit by Andrew Alberts and loses puck.
10:40 of 1st period - Shot by Eric Nystrom.
10:40 of 1st period - Shot Blocked by Hal Gill.
10:42 of 1st period - Shot by John Mitchell.
10:42 of 1st period - Stopped by Ryan Miller with a rebound.
10:50 of 1st period - Shot by Eric Nystrom.
10:50 of 1st period - Shot Misses the Net.
10:52 of 1st period - Shot by John Mitchell.
10:52 of 1st period - Stopped by Ryan Miller without a rebound.
10:53 of 1st period - Jonathan Toews wins face-off versus Vernon Fiddler in MapleLeafs zone.
11:06 of 1st period - Off-side.
11:07 of 1st period - Evgeni Malkin wins face-off versus Brad Richards in neutral zone.
11:09 of 1st period - Drew Doughty is hit by James Wisniewski and loses puck.
11:24 of 1st period - Shot by Brad Richards.
11:24 of 1st period - Stopped by Ryan Miller without a rebound.
11:25 of 1st period - Jonathan Toews wins face-off versus Vincent Lecavalier in MapleLeafs zone.
11:25 of 1st period - Jonathan Toews is hit by Rostislav Klesla.
12:14 of 1st period - Icing by Travis Hamonic.
12:15 of 1st period - Evgeni Malkin wins face-off versus Jonathan Toews in Canadiens zone.
12:18 of 1st period - Shot by Evgeni Malkin.
12:18 of 1st period - Stopped by Craig Anderson without a rebound.
12:19 of 1st period - Brad Richards wins face-off versus Evgeni Malkin in Canadiens zone.
12:19 of 1st period - Brad Richards is hit by Derek Dorsett.
12:24 of 1st period - Pavel Datsyuk is hit by Jonathan Ericsson and loses puck.
12:45 of 1st period - Evgeni Malkin is hit by James Wisniewski and loses puck.
13:03 of 1st period - Minor Penalty to Brooks Orpik for Tripping.
13:04 of 1st period - Jonathan Toews wins face-off versus Steve Sullivan in Canadiens zone.
13:47 of 1st period - Shot by Adam Henrique.
13:47 of 1st period - Shot Misses the Net.
14:15 of 1st period - Shot by Derek Dorsett.
14:15 of 1st period - Shot Blocked by Michal Rozsival.
14:17 of 1st period - Shot by Jonathan Ericsson.
14:17 of 1st period - Shot Hit the Post.
14:19 of 1st period - Shot by Patrick Marleau.
14:19 of 1st period - The goal is going for a video replay.
14:19 of 1st period - The goal is good.
14:19 of 1st period - Goal by Patrick Marleau - Canadiens : 1 - MapleLeafs : 1.
14:20 of 1st period - Dave Bolland wins face-off versus Vernon Fiddler in neutral zone.
14:42 of 1st period - Icing by Nick Leddy.
14:43 of 1st period - Pavel Datsyuk wins face-off versus Vernon Fiddler in MapleLeafs zone.
14:49 of 1st period - Icing by Vernon Fiddler.
14:50 of 1st period - Vernon Fiddler wins face-off versus Brad Richards in MapleLeafs zone.
15:01 of 1st period - Shot by Vernon Fiddler.
15:01 of 1st period - Goal by Vernon Fiddler - Canadiens : 1 - MapleLeafs : 2.
15:02 of 1st period - Jonathan Toews wins face-off versus Evgeni Malkin in neutral zone.
15:18 of 1st period - Shot by Matt Moulson.
15:18 of 1st period - Shot Misses the Net.
15:24 of 1st period - Shot by Corey Perry.
15:24 of 1st period - Stopped by Ryan Miller without a rebound.
15:25 of 1st period - John Mitchell wins face-off versus Vincent Lecavalier in MapleLeafs zone.
15:29 of 1st period - Icing by Vincent Lecavalier.
15:30 of 1st period - Adam Henrique wins face-off versus John Mitchell in MapleLeafs zone.
16:01 of 1st period - Eric Nystrom is hit by Vincent Lecavalier and loses puck.
16:27 of 1st period - Rostislav Klesla is hit by Matt Moulson and loses puck.
16:59 of 1st period - Drew Doughty is hit by Corey Perry and loses puck.
17:08 of 1st period - Drew Doughty is hit by Corey Perry and loses puck.
17:12 of 1st period - Jonathan Ericsson is hit by Mark Fistric and loses puck.
17:34 of 1st period - Minor Penalty to Mark Fistric for Tripping.
17:35 of 1st period - Dave Bolland wins face-off versus Evgeni Malkin in Canadiens zone.
19:23 of 1st period - Dave Bolland is hit by Adam Hall and loses puck.
19:45 of 1st period - Shot by Evgeni Malkin.
19:45 of 1st period - Stopped by Craig Anderson without a rebound.
19:46 of 1st period - Brad Richards wins face-off versus Adam Henrique in Canadiens zone.
19:59 of 1st period - Brad Richards is hit by Vincent Lecavalier and loses puck.

2nd period


0:01 of 2nd period - Evgeni Malkin wins face-off versus Brad Richards in neutral zone.
0:20 of 2nd period - Shot by Pavel Datsyuk.
0:20 of 2nd period - Deflect By Jordan Eberle.
0:20 of 2nd period - Stopped by Ryan Miller with a rebound.
0:26 of 2nd period - Shot by Brad Richards.
0:26 of 2nd period - Shot Misses the Net.
0:28 of 2nd period - Shot by Travis Hamonic.
0:28 of 2nd period - Stopped by Ryan Miller without a rebound.
0:29 of 2nd period - Jonathan Toews wins face-off versus Vincent Lecavalier in MapleLeafs zone.
0:29 of 2nd period - Matt Moulson is hit by Brian Lashoff.
0:32 of 2nd period - Minor Penalty to Brian Lashoff for Diving.
0:33 of 2nd period - Evgeni Malkin wins face-off versus Jonathan Toews in MapleLeafs zone.
1:07 of 2nd period - Icing by Matt Moulson.
1:08 of 2nd period - Jonathan Toews wins face-off versus Evgeni Malkin in Canadiens zone.
1:35 of 2nd period - Jonathan Ericsson is hit by Corey Perry and loses puck.
2:51 of 2nd period - Shot by Dave Bolland.
2:51 of 2nd period - Shot Blocked by Nick Leddy.
2:53 of 2nd period - Shot by Mark Fistric.
2:53 of 2nd period - Shot Misses the Net.
3:01 of 2nd period - Shot by Sven Baertschi.
3:01 of 2nd period - Stopped by Ryan Miller without a rebound.
3:02 of 2nd period - John Mitchell wins face-off versus Vincent Lecavalier in MapleLeafs zone.
3:03 of 2nd period - Shot by Eric Nystrom.
3:03 of 2nd period - Deflect By John Mitchell.
3:03 of 2nd period - Stopped by Ryan Miller without a rebound.
3:04 of 2nd period - Vincent Lecavalier wins face-off versus Matt Moulson in MapleLeafs zone.
3:04 of 2nd period - Drew Doughty is hit by Corey Perry and loses puck.
4:42 of 2nd period - Off-side.
4:43 of 2nd period - Dave Bolland wins face-off versus Vernon Fiddler in neutral zone.
4:45 of 2nd period - Cam Fowler is hit by Brian Lashoff and loses puck.
4:56 of 2nd period - Off-side.
4:57 of 2nd period - Brad Richards wins face-off versus Vincent Lecavalier in neutral zone.
4:57 of 2nd period - Travis Hamonic is hit by Vincent Lecavalier and loses puck.
4:58 of 2nd period - Minor Penalty to Vincent Lecavalier for Cross-checking.
4:59 of 2nd period - Brad Richards wins face-off versus Evgeni Malkin in MapleLeafs zone.
5:04 of 2nd period - Shot by Brad Richards.
5:04 of 2nd period - Shot Misses the Net.
5:52 of 2nd period - Icing by Travis Hamonic.
5:53 of 2nd period - Brad Richards wins face-off versus Adam Hall in Canadiens zone.
5:53 of 2nd period - Brad Richards is hit by Adam Hall.
6:45 of 2nd period - Shot by James Wisniewski.
6:45 of 2nd period - Stopped by Ryan Miller without a rebound.
6:46 of 2nd period - Evgeni Malkin wins face-off versus Jonathan Toews in MapleLeafs zone.
7:59 of 2nd period - Icing by Rostislav Klesla.
8:00 of 2nd period - Vincent Lecavalier wins face-off versus Brad Richards in MapleLeafs zone.
8:55 of 2nd period - Icing by Rostislav Klesla.
8:56 of 2nd period - Jonathan Toews wins face-off versus Vincent Lecavalier in MapleLeafs zone.
10:25 of 2nd period - Adam Hall is hit by Brooks Orpik and loses puck.
11:20 of 2nd period - Shot by Jordan Eberle.
11:20 of 2nd period - Deflect By Brad Richards.
11:20 of 2nd period - Stopped by Ryan Miller without a rebound.
11:21 of 2nd period - Evgeni Malkin wins face-off versus Sven Baertschi in MapleLeafs zone.
11:21 of 2nd period - Drew Doughty is hit by Dave Bolland and loses puck.
11:31 of 2nd period - Drew Doughty is hit by Mark Fistric and loses puck.
11:41 of 2nd period - Icing by Mason Raymond.
11:42 of 2nd period - Vernon Fiddler wins face-off versus Dave Bolland in Canadiens zone.
11:42 of 2nd period - Greg Zanon is hit by Mark Fistric.
11:43 of 2nd period - Minor Penalty to Mark Fistric for Hooking.
11:44 of 2nd period - Patrick Marleau wins face-off versus Jonathan Toews in Canadiens zone.
11:47 of 2nd period - Shot by Drew Doughty.
11:47 of 2nd period - Stopped by Craig Anderson with a rebound.
12:03 of 2nd period - Shot by Patrick Marleau.
12:03 of 2nd period - Stopped by Craig Anderson without a rebound.
12:04 of 2nd period - Jonathan Toews wins face-off versus Vincent Lecavalier in Canadiens zone.
12:04 of 2nd period - Jonathan Toews is hit by Vincent Lecavalier.
12:28 of 2nd period - Shot by Vincent Lecavalier.
12:28 of 2nd period - Goal by Vincent Lecavalier - Canadiens : 1 - MapleLeafs : 3.
12:29 of 2nd period - Brad Richards wins face-off versus Patrick Marleau in neutral zone.
12:35 of 2nd period - Icing by Jonathan Ericsson.
12:36 of 2nd period - Brad Richards wins face-off versus Evgeni Malkin in MapleLeafs zone.
12:36 of 2nd period - Brad Richards is hit by Drew Doughty.
12:41 of 2nd period - Minor Penalty to Pavel Datsyuk for Interference.
12:42 of 2nd period - Evgeni Malkin wins face-off versus Jonathan Toews in Canadiens zone.
12:47 of 2nd period - Shot by Patrick Marleau.
12:47 of 2nd period - Shot Misses the Net.
13:04 of 2nd period - Icing by Patrick Marleau.
13:05 of 2nd period - Jonathan Toews wins face-off versus Evgeni Malkin in MapleLeafs zone.
13:05 of 2nd period - Brooks Orpik is hit by Jonathan Ericsson.
13:14 of 2nd period - Shot by Jonathan Toews.
13:14 of 2nd period - Shot Misses the Net.
13:38 of 2nd period - Shot by Patrick Marleau.
13:38 of 2nd period - Stopped by Craig Anderson without a rebound.
13:39 of 2nd period - Steve Sullivan wins face-off versus Brad Richards in Canadiens zone.
13:39 of 2nd period - Steve Sullivan is hit by Mark Fistric.
13:47 of 2nd period - Shot by Vincent Lecavalier.
13:47 of 2nd period - Stopped by Craig Anderson with a rebound.
13:51 of 2nd period - Shot by Steve Sullivan.
13:51 of 2nd period - Stopped by Craig Anderson without a rebound.
13:52 of 2nd period - Vincent Lecavalier wins face-off versus Brad Richards in Canadiens zone.
14:02 of 2nd period - Shot by Rostislav Klesla.
14:02 of 2nd period - Stopped by Craig Anderson without a rebound.
14:03 of 2nd period - Jonathan Toews wins face-off versus Evgeni Malkin in Canadiens zone.
15:08 of 2nd period - Shot by Steve Sullivan.
15:08 of 2nd period - Shot Misses the Net.
15:10 of 2nd period - Shot by Steve Sullivan.
15:10 of 2nd period - Shot Misses the Net.
16:01 of 2nd period - Icing by Sven Baertschi.
16:02 of 2nd period - Evgeni Malkin wins face-off versus Dave Bolland in Canadiens zone.
16:23 of 2nd period - Shot by Sven Baertschi.
16:23 of 2nd period - Stopped by Ryan Miller with a rebound.
16:55 of 2nd period - Icing by Sven Baertschi.
16:56 of 2nd period - Dave Bolland wins face-off versus Vincent Lecavalier in Canadiens zone.
16:56 of 2nd period - Dave Bolland is hit by Adam Henrique.
17:02 of 2nd period - Shot by Vincent Lecavalier.
17:02 of 2nd period - Shot Misses the Net.
17:11 of 2nd period - Minor Penalty to Vincent Lecavalier for Boarding.
17:11 of 2nd period - Minor Penalty to Brooks Orpik for Hooking.
17:12 of 2nd period - Jonathan Toews wins face-off versus Evgeni Malkin in Canadiens zone.
17:19 of 2nd period - Shot by Jonathan Toews.
17:19 of 2nd period - Shot Blocked by Rostislav Klesla.
17:27 of 2nd period - Shot by Raffi Torres.
17:27 of 2nd period - Shot Blocked by Jonathan Toews.
17:29 of 2nd period - Shot by Greg Zanon.
17:29 of 2nd period - Shot Misses the Net.
17:31 of 2nd period - Shot by Greg Zanon.
17:31 of 2nd period - Goal by Greg Zanon - Canadiens : 1 - MapleLeafs : 4.
17:31 of 2nd period - Cam Ward enters game.
17:32 of 2nd period - Evgeni Malkin wins face-off versus Corey Perry in neutral zone.
18:38 of 2nd period - Shot by Pavel Datsyuk.
18:38 of 2nd period - Deflect By Jordan Eberle.
18:38 of 2nd period - Shot Blocked by Rostislav Klesla.
18:40 of 2nd period - Shot by Mark Fistric.
18:40 of 2nd period - Stopped by Ryan Miller without a rebound.
18:41 of 2nd period - Jonathan Toews wins face-off versus Vernon Fiddler in MapleLeafs zone.
18:54 of 2nd period - Off-side.
18:55 of 2nd period - Jonathan Toews wins face-off versus Evgeni Malkin in neutral zone.
19:13 of 2nd period - Nick Leddy beats up Brooks Orpik.
19:13 of 2nd period - Penalty to Nick Leddy for Fighting.
19:13 of 2nd period - Penalty to Brooks Orpik for Fighting.
19:14 of 2nd period - Brad Richards wins face-off versus Vincent Lecavalier in MapleLeafs zone.
19:17 of 2nd period - Shot by Jordan Eberle.
19:17 of 2nd period - Shot Misses the Net.
19:19 of 2nd period - Shot by Brad Richards.
19:19 of 2nd period - Stopped by Ryan Miller without a rebound.
19:20 of 2nd period - Vincent Lecavalier wins face-off versus Brad Richards in MapleLeafs zone.

3rd period


0:01 of 3rd period - Evgeni Malkin wins face-off versus Jonathan Toews in neutral zone.
0:16 of 3rd period - Michal Rozsival is hit by Drew Doughty and loses puck.
0:24 of 3rd period - Drew Doughty is hit by Corey Perry and loses puck.
0:39 of 3rd period - Shot by Jonathan Toews.
0:39 of 3rd period - Shot Misses the Net.
0:41 of 3rd period - Shot by Jonathan Toews.
0:41 of 3rd period - Stopped by Ryan Miller without a rebound.
0:42 of 3rd period - Vincent Lecavalier wins face-off versus Brad Richards in MapleLeafs zone.
0:46 of 3rd period - Rostislav Klesla is hit by James Wisniewski and loses puck.
2:34 of 3rd period - Shot by Jonathan Toews.
2:34 of 3rd period - Shot Misses the Net.
2:55 of 3rd period - Patrick Marleau is hit by Dave Bolland.
5:02 of 3rd period - Icing by Corey Perry.
5:03 of 3rd period - Adam Henrique wins face-off versus Jonathan Toews in Canadiens zone.
5:03 of 3rd period - Minor Penalty to Mark Fistric for Interference.
5:04 of 3rd period - Jonathan Toews wins face-off versus Evgeni Malkin in Canadiens zone.
5:50 of 3rd period - Evgeni Malkin is hit by Eric Nystrom.
6:03 of 3rd period - Icing by Adam Henrique.
6:04 of 3rd period - Vincent Lecavalier wins face-off versus Pavel Datsyuk in MapleLeafs zone.
6:04 of 3rd period - Vincent Lecavalier is hit by Pavel Datsyuk.
6:26 of 3rd period - Shot by Rostislav Klesla.
6:26 of 3rd period - Shot Misses the Net.
6:28 of 3rd period - Shot by Adam Henrique.
6:28 of 3rd period - Shot Misses the Net.
6:40 of 3rd period - Shot by Steve Sullivan.
6:40 of 3rd period - Shot Blocked by Brad Richards.
6:42 of 3rd period - Shot by Steve Sullivan.
6:42 of 3rd period - Shot Misses the Net.
6:44 of 3rd period - Shot by Vincent Lecavalier.
6:44 of 3rd period - Shot Misses the Net.
6:46 of 3rd period - Shot by Steve Sullivan.
6:46 of 3rd period - Shot Blocked by Cam Fowler.
7:26 of 3rd period - Andrew Alberts is hit by Dave Bolland.
7:57 of 3rd period - Icing by Mark Fistric.
7:58 of 3rd period - Jonathan Toews wins face-off versus Evgeni Malkin in Canadiens zone.
8:51 of 3rd period - Matt Moulson is hit by Vincent Lecavalier and loses puck.
9:27 of 3rd period - Minor Penalty to Greg Zanon for Roughing.
9:28 of 3rd period - Evgeni Malkin wins face-off versus Brad Richards in MapleLeafs zone.
9:45 of 3rd period - Pavel Datsyuk is hit by Vincent Lecavalier and loses puck.
10:00 of 3rd period - Shot by Vincent Lecavalier.
10:00 of 3rd period - Shot Blocked by Michal Rozsival.
10:19 of 3rd period - Icing by Brooks Orpik.
10:20 of 3rd period - Patrick Marleau wins face-off versus Corey Perry in Canadiens zone.
10:25 of 3rd period - Shot by Adam Henrique.
10:25 of 3rd period - Stopped by Cam Ward without a rebound.
10:26 of 3rd period - Patrick Marleau wins face-off versus Jordan Eberle in Canadiens zone.
10:48 of 3rd period - Icing by Brad Richards.
10:49 of 3rd period - Evgeni Malkin wins face-off versus Brad Richards in Canadiens zone.
10:54 of 3rd period - Shot by Vincent Lecavalier.
10:54 of 3rd period - Stopped by Cam Ward without a rebound.
10:55 of 3rd period - Patrick Marleau wins face-off versus Jonathan Toews in Canadiens zone.
11:28 of 3rd period - Shot by Jonathan Toews.
11:28 of 3rd period - Stopped by Ryan Miller with a rebound.
11:30 of 3rd period - Shot by James Wisniewski.
11:30 of 3rd period - Stopped by Ryan Miller without a rebound.
11:31 of 3rd period - John Mitchell wins face-off versus Raffi Torres in MapleLeafs zone.
11:34 of 3rd period - Shot by Eric Nystrom.
11:34 of 3rd period - Stopped by Ryan Miller with a rebound.
11:50 of 3rd period - Shot by Raffi Torres.
11:50 of 3rd period - Shot Blocked by John Mitchell.
12:01 of 3rd period - Shot by Eric Nystrom.
12:01 of 3rd period - Stopped by Ryan Miller without a rebound.
12:02 of 3rd period - Evgeni Malkin wins face-off versus Jonathan Toews in MapleLeafs zone.
12:30 of 3rd period - Shot by Evgeni Malkin.
12:30 of 3rd period - Shot Misses the Net.
13:35 of 3rd period - Shot by Vincent Lecavalier.
13:35 of 3rd period - Stopped by Cam Ward without a rebound.
13:36 of 3rd period - John Mitchell wins face-off versus Vernon Fiddler in Canadiens zone.
14:11 of 3rd period - Shot by Adam Hall.
14:11 of 3rd period - Goal by Adam Hall - Canadiens : 1 - MapleLeafs : 5.
14:12 of 3rd period - Jonathan Toews wins face-off versus Vincent Lecavalier in neutral zone.
15:13 of 3rd period - Icing by Travis Hamonic.
15:14 of 3rd period - Jonathan Toews wins face-off versus Evgeni Malkin in Canadiens zone.
15:18 of 3rd period - Michal Rozsival is hit by Derek Dorsett and loses puck.
16:19 of 3rd period - Shot by Vernon Fiddler.
16:19 of 3rd period - Deflect By Adam Hall.
16:19 of 3rd period - Shot Blocked by Brooks Orpik.
16:43 of 3rd period - Shot by Nick Leddy.
16:43 of 3rd period - Shot Misses the Net.
17:51 of 3rd period - Shot by Michal Rozsival.
17:51 of 3rd period - Stopped by Ryan Miller without a rebound.
17:52 of 3rd period - Evgeni Malkin wins face-off versus John Mitchell in MapleLeafs zone.
17:52 of 3rd period - Evgeni Malkin is hit by John Mitchell.
18:13 of 3rd period - Shot by Taylor Pyatt.
18:13 of 3rd period - Stopped by Ryan Miller with a rebound.
18:49 of 3rd period - Shot by Corey Perry.
18:49 of 3rd period - Shot Blocked by Greg Zanon.
18:51 of 3rd period - Shot by Corey Perry.
18:51 of 3rd period - Deflect By Jonathan Toews.
18:51 of 3rd period - Shot Misses the Net.
19:33 of 3rd period - Shot by Jordan Eberle.
19:33 of 3rd period - Stopped by Ryan Miller without a rebound.
19:34 of 3rd period - Adam Hall wins face-off versus Dave Bolland in MapleLeafs zone.
19:44 of 3rd period - Icing by Nick Leddy.
19:45 of 3rd period - Vernon Fiddler wins face-off versus Brad Richards in MapleLeafs zone.
19:49 of 3rd period - Icing by Nick Leddy.
19:50 of 3rd period - Vernon Fiddler wins face-off versus Brad Richards in MapleLeafs zone.
19:50 of 3rd period - Vernon Fiddler is hit by Brooks Orpik.
19:56 of 3rd period - Shot by Raffi Torres.
19:56 of 3rd period - Goal by Raffi Torres - Canadiens : 1 - MapleLeafs : 6.
19:57 of 3rd period - Vincent Lecavalier wins face-off versus Jonathan Toews in neutral zone.


Output by the SimonT Hockey Simulator (STHS) for Stephane Roy -- Original Page W3C XHTML 1.0 Valid
Hockey Simulator - Hockey Simulation - Hockey Manager